 Dungeon Crawl Stone Soup version 0.31-a0-16-g6d2539766c (webtiles) character file.

Game seed: 4833019416227013941

39 mandoloar the Insei (level 3, -2/23 HPs)
             Began as an Octopode Transmuter on May 8, 2023.
             Slain by an orc priest
             ... wielding a +0 hand axe
              (3 damage)
             ... on level 2 of the Dungeon.
             The game lasted 00:04:06 (2053 turns).

mandoloar the Insei (Octopode Transmuter)           Turns: 2053, Time: 00:04:07

Health: -2/23      AC:  1    Str:  9    XL:     3   Next: 45%
Magic:  5/6        EV: 13    Int: 17    God:
Gold:   139        SH:  0    Dex: 12    Spells: 5/6 levels left

rFire   . . .        a - +0 short sword
rCold   . . .        (no shield)
rNeg    . . .        (helmet currently unavailable)
rPois   +            (no amulet)
rElec   .            e - ring of poison resistance
rCorr   .            (no ring)
SInv    .            (no ring)
Will    .....        (no ring)
Stlth   ++           (no ring)
HPRegen 0.23/turn    (no ring)
MPRegen 0.10/turn    (no ring)
                     (no ring)

%: no passive effects
@: appendages (expiring)
A: tentacle spike 3, almost no armour, amphibious, 8 rings, camouflage 1,
gelatinous body 1, (nimble swimmer 1), tentacles
a: End Transformation


You were on level 2 of the Dungeon.
One of your tentacles had grown a beastly spike.
You visited 1 branch of the dungeon, and saw 3 of its levels.

You collected 139 gold pieces.

Inventory:

Hand Weapons
 a - a +0 short sword (weapon)
Missiles
 k - 4 poisoned darts
 l - 13 stones (quivered)
Jewellery
 e - a ring of poison resistance (left tentacle)
 i - a +4 ring of protection
Scrolls
 b - 2 scrolls of poison {unknown}
 c - 5 scrolls of identify {unknown}
Potions
 d - a potion of invisibility {unknown}
 f - 2 potions of brilliance {unknown}
 g - 3 potions of lignification
 h - a potion of attraction {unknown}


   Skills:
 + Level 1.5 Fighting
 + Level 2.4 Dodging
 + Level 3.2 Unarmed Combat
 + Level 2.3 Spellcasting
 + Level 2.4 Transmutations


You had 5 spell levels left.
You knew the following spells:

 Your Spells              Type           Power      Damage    Failure   Level
a - Beastly Appendage     Tmut           20%        N/A       7%          1

Your spell library contained the following spells:

 Spells                   Type           Power      Damage    Failure   Level
 Wereblood                Tmut           10%        N/A       11%         2
 Spider Form              Tmut/Pois      6%         N/A       34%         3
 Ice Form                 Ice/Tmut       6%         N/A       75%         4


Dungeon Overview and Level Annotations

Branches:
Dungeon (3/15)

Altars:
Fedhas


Innate Abilities, Weirdness & Mutations

One of your tentacles has grown a beastly spike.
You cannot wear most types of armour.
You are amphibious.
You can wear up to eight rings at the same time.
Your skin changes colour to match your surroundings (Stealth+).
Your rubbery body absorbs attacks. (AC +1, EV +1)
((You are camouflaged when in or above water. (Stealth+)))
You have tentacles for arms and can constrict up to eight enemies at once.


Message History

You climb upwards.
There is a stone staircase leading down here.
You see here a +0 hand axe.
There is a stone staircase leading down here.
You climb downwards.
There is a stone staircase leading up here.
You throw a stone. The orc priest shouts!
The stone hits the orc priest but does no damage.
You hear a shout!
The orc priest calls down the wrath of Beogh upon you.
Beogh smites you!
Ouch! That really hurt!
You climb upwards.
There is a stone staircase leading down here.
You start resting.
HP restored.
You start waiting.
Done waiting.
Casting: Beastly Appendage (safe; 7% risk of failure)
Confirm with . or Enter, or press ? or * to list all spells.
One of your tentacles grows a vicious spike.
You climb downwards.
The orc priest calls down the wrath of Beogh upon you.
Beogh smites you!
The orc shouts!
There is a stone staircase leading up here.
The orc priest calls down the wrath of Beogh upon you.
Pain shoots through your body!
Ouch! That really hurt!
* * * LOW HITPOINT WARNING * * *
You climb upwards.
Your transformation is almost over.
There is a stone staircase leading down here.
You are too injured to fight recklessly!
You hit the orc priest. You grab the orc priest.
The orc priest is moderately wounded.
You constrict the orc priest, but do no damage.
The orc priest hits you with a +0 hand axe.
You die...

#.......#..............
#.......#..............
#.......##.............
#.......###......#.....
#######..####.###.....#
##.##...# #.#...#
###.##.#####....##
#.........#.....##
#@o.............##
#..........#......
#.........##......
#.........##....##
#.........#.....##
#################


You could see an orc priest.

Vanquished Creatures
  2 dart slugs (D:1)
  An orc (D:2)
  3 ball pythons
  4 bats
  3 endoplasms
  2 giant cockroaches
  5 hobgoblins
  3 kobolds
  A quokka (D:1)
  2 frilled lizards (D:2)
  3 rats
29 creatures vanquished.

Notes
Turn   | Place    | Note
-------+----------+-------------------------------------------
     0 | D:1      | mandoloar the Octopode Transmuter began the quest for the
                  | Orb.
     0 | D:1      | Reached XP level 1. HP: 13/13 MP: 3/3
   450 | D:1      | Reached XP level 2. HP: 13/18 MP: 3/5
  1233 | D:2      | Reached XP level 3. HP: 21/23 MP: 3/6
  1535 | D:2      | Found a blossoming altar of Fedhas.
  2051 | D:3      | HP: 1/23 [orc priest/nerve-wracking pain (12)]
  2053 | D:2      | Slain by an orc priest

Illustrated notes

Levels and vault maps discovered:
D:1:      spicycebolla_arrival_risky_transporter, layout_loops_cross,
          chequers_serial_rivers_room_a, minmay_door_square, nicolae_titane
D:2:      layout_rooms, basic_altar
D:3:      layout_rooms

Action                     || total
---------------------------++-------
  Melee: Short sword       ||    56
         Kick              ||    17
         Unarmed           ||     3
         Constrict         ||    18
         Tentacles         ||     9
         Punch             ||     1
  Throw: Stone             ||     3
   Cast: Beastly Appendage ||    25
   Stab: Sleeping          ||     6
 Armour: Skin              ||     5
  Dodge: Dodged            ||    35

Table legend: (Time is in decaauts)
 A = Elapsed time spent in this place.
 B = Non-inter-level travel time spent in this place.
 C = Inter-level travel time spent in this place.
 D = Time resting spent in this place.
 E = Time spent auto-exploring this place.
 F = Levels seen in this place.
 G = Mean time per level.
                   A        B        C        D        E       F      G
               +--------+--------+--------+--------+--------+-----+--------+
         Total |   2055 |   1892 |    163 |    513 |   1124 |   3 |  685.0 |
       Dungeon |   2055 |   1892 |    163 |    513 |   1124 |   3 |  685.0 |
               +--------+--------+--------+--------+--------+-----+--------+

Top non-repeatable levels by time:
     D:1: 1233 daAuts
     D:2: 788 daAuts
     D:3: 33 daAuts
